 Dungeon Crawl Stone Soup version 0.31.0-12-g77e489cdc1 (webtiles) character file.

Game seed: 8205439319292164164

45703 Verono the Severer (level 14, -5/122 HPs)
             Began as a Red Draconian Berserker on Mar 1, 2024.
             Was a High Priest of Trog.
             Slain by a death yak (13 damage)
             ... on level 5 of the Lair of Beasts.
             The game lasted 01:02:06 (15897 turns).

Verono the Severer (Red Draconian Berserker)       Turns: 15897, Time: 01:02:07

Health: -5/122     AC: 19    Str: 19    XL:     14   Next: 2%
Magic:  0/23       EV: 23    Int: 10    God:    Trog [*****.]
Gold:   1747       SH:  0    Dex: 20    Spells: 13/13 levels left

rFire   + . .        j - +2 executioner's axe (protect)
rCold   x . .        (shield currently unavailable)
rNeg    . . .        (body armour unavailable)
rPois   .            H - +1 hat
rElec   .            (no cloak)
rCorr   .            L - +2 pair of gloves
SInv    +            (no boots)
Will    ++...        h - amulet of guardian spirit
Stlth   ++           D - ring "Dyn Heis" {rC- EV+5 Dex+4 SInv}
HPRegen 0.40/turn    g - ring of magical power
MPRegen 0.18/turn

%: random rage (3%), guardian spirit
@: confused, short of breath, ambrosia-drunk, under a protective aura
A: breathe fire, AC +8, unfitting armour, fire resistance 1, cold-blooded,
talons 1, agile 1, berserk 1, strong-willed 1
a: Breathe Fire, Renounce Religion, Berserk, Trog's Hand, Brothers in Arms


You were on level 5 of the Lair of Beasts.
You worshipped Trog.
Trog was extremely pleased with you.
You visited 2 branches of the dungeon, and saw 14 of its levels.
You also visited: Bailey.

You collected 1747 gold pieces.

Inventory:

Hand Weapons
 j - a +2 executioner's axe of protection (weapon)
Missiles
 d - 11 atropa-tipped darts
 B - 3 datura-tipped darts (quivered)
 E - 28 curare-tipped darts
Armour
 H - a +1 hat (worn)
 L - a +2 pair of gloves (worn)
 P - the +12 tower shield "Sizaf" {Int+6}
   (You found it on level 2 of the Lair of Beasts)

   Int+6:     It affects your intelligence (+6).
Jewellery
 a - a ring of magical power
 g - a ring of magical power (right hand)
 h - an amulet of guardian spirit (around neck)
 i - a ring of magical power
 D - the ring "Dyn Heis" (left hand) {rC- EV+5 Dex+4 SInv}
   (You took it off a kobold brigand on level 6 of the Dungeon)

   [ring of evasion]

   EV+5:      It affects your evasion (+5).
   Dex+4:     It affects your dexterity (+4).
   rC-:       It makes you vulnerable to cold.
   SInv:      It lets you see invisible.
 G - a ring of ice
 J - a ring of flight
Talismans
 n - a beast talisman
 y - a talisman of death
Wands
 b - a wand of quicksilver (2)
 k - a wand of polymorph (11)
 u - a wand of flame (31)
 w - a wand of roots (3)
 I - a wand of mindburst (39)
Scrolls
 e - 3 scrolls of noise
 q - 2 scrolls of enchant armour
 v - a scroll of fog
 z - 2 scrolls of amnesia
 C - a scroll of silence
 F - 3 scrolls of identify
 M - 2 scrolls of revelation
 O - 3 scrolls of torment
Potions
 c - 7 potions of attraction
 l - 3 potions of brilliance
 m - 10 potions of ambrosia
 o - 2 potions of lignification
 p - a potion of invisibility
 r - a potion of curing
 s - 2 potions of might
 t - a potion of enlightenment
 x - 15 potions of degeneration
 A - a potion of resistance
 N - 2 potions of mutation
Miscellaneous
 K - a phantom mirror


   Skills:
 * Level 10.5 Fighting
 * Level 15.5 Axes
 * Level 6.9 Throwing
 * Level 9.0 Dodging
 * Level 7.4 Stealth
 * Level 7.2 Evocations
 * Level 6.3 Shapeshifting


You had 13 spell levels left.
You didn't know any spells.
Your spell library was empty.

Dungeon Overview and Level Annotations

Branches:
Dungeon (9/15)             Temple (0/1) D:5            Lair (5/5) D:9
  Swamp (0/4) Lair:2        Snake (0/4) Lair:3          Orc (0/2) D:9
 Bailey (visited)
  Slime: Lair:4-5

Altars:
Ashenzari
Dithmenos
Hepliaklqana
Kikubaaqudgha
Makhleb
Nemelex Xobeh
Okawaru
Sif Muna
Trog
Uskayaw
The Shining One

Shops:
D:3 [

Portals:
Hell: Lair:5


Innate Abilities, Weirdness & Mutations

You can breathe blasts of fire.
Your fiery red scales are hard. (AC +8)
You cannot fit into any form of body armour.
Your flesh is heat resistant. (rF+)
You are cold-blooded and may be slowed by cold attacks.
You have sharp toenails.
You are agile. (Dex +4, Str/Int -1)
You sometimes lose your temper in combat.
You are strong-willed. (Will+)


Message History

You hit the death yak. You claw the death yak.
You tail-slap the death yak, but do no damage.
The death yak is heavily wounded.
You hit the yak. You hit the death yak but do no damage.
The yak closely misses you.
The death yak gores you but does no damage.
The death yak gores you!
You slash the death yak! You claw the death yak.
You tail-slap the death yak, but do no damage.
The death yak is severely wounded.
You hit the death yak but do no damage. You slash the death yak!
The death yak misses you.
The death yak gores you but does no damage.
The death yak gores you!
* * * LOW HITPOINT WARNING * * *
You barely miss the death yak.
You claw the death yak, but do no damage.
You tail-slap the death yak.
The death yak is severely wounded.
You hit the death yak. You hit the death yak but do no damage.
The death yak gores you but does no damage.
The death yak misses you. x2
You slash the death yak!
You claw the death yak, but do no damage.
The death yak is almost dead.
You hit the death yak. You slash the death yak! The death yak gores you!
* * * LOW HITPOINT WARNING * * *
The death yak misses you. The death yak gores you!
* * * LOW HITPOINT WARNING * * *
You are confused.
You feel invigorated.
The death yak gores you but does no damage.
The death yak completely misses you. The death yak gores you!!
* * * LOW HITPOINT WARNING * * *
You slice the death yak!!
You kill the death yak!
Trog accepts your kill.
You hit the death yak but do no damage. You barely miss the death yak.
The death yak gores you!
You die...

........#......#.((.....#
........P....####........
...............##.(......
................†....# ..
.....)...............#...
.........................
.....♣♣.♣....#..Y........
...♣♣♣♣♣♣♣♣....YYY♣♣.♣♣♣.
..♣♣ ♣♣♣..♣@♣♣ ♣♣ ..♣
♣♣.♣♣♣ ♣ .♣♣ ♣♣.♣ ♣♣
..♣♣♣♣ ♣♣.♣ ♣. .....♣♣♣
♣♣..♣♣ ♣.
..♣♣♣..♣♣♣♣♣♣....♣♣ ♣♣♣.
..♣ ♣♣♣.......♣...♣♣♣
♣♣... ..♣
♣♣♣...♣♣♣♣.♣..♣♣♣♣
♣♣♣♣...♣ ..♣♣
♣♣♣♣♣♣♣..♣♣♣...♣♣♣....♣♣♣


You could see 2 death yaks and 2 yaks.

Vanquished Creatures
  Gastronok (D:8)
  An eleionoma (Lair:2)
  Fannar (Lair:2)
  5 hydras
  3 death yaks (Lair:5)
  An occultist (Lair:5)
  2 skysharks
  A fire crab (Lair:4)
  A sixfirhy (Lair:5)
  Pikel (D:6)
  An ugly thing (D:7)
  The ghost of jkubb29 the Reanimator, a novice DsNe (D:6)
  2 meliai (Lair:4)
  Joseph (D:7)
  6 black mambas
  The ghost of seawaffle the Chopper, a novice MiFi (D:5)
  A smoke demon (Lair:5)
  2 orange demons (Lair:5)
  9 cane toads
  2 ice devils (Lair:5)
  5 rime drakes
  7 komodo dragons
  A queen bee (Lair:4)
  A troll (D:7)
  4 polar bears
  Prince Ribbit (D:7)
  19 blink frogs
  5 dream sheep (Lair:5)
  A slime creature (D:7)
  6 wyverns
  24 yaks
  4 basilisks
  A naga (Lair:3)
  Menkaure (D:4)
  Duvessa (D:4)
  3 hell hounds (Lair:5)
  12 water moccasins
  2 acid dragons
  8 orc warriors
  A sky beast (D:6)
  A swamp drake (D:9)
  4 black bears
  3 ogres
  18 wolves
  A phantom (D:3)
  18 kobold brigands
  A lemure (D:6)
  9 bullfrogs
  3 scorpions
  7 wights
  Dowan (D:4)
  16 killer bees (Lair:4)
  5 howler monkeys (D:9)
  4 electric eels
  4 bombardier beetles
  A hound (D:4)
  A jelly (D:7)
  7 orc priests
  An iguana (D:7)
  5 orc wizards
  Robin (D:4)
  4 gnolls (D:3)
  15 adders
  A shadow imp (D:6)
  4 white imps
  2 ufetubi (D:6)
  4 dart slugs
  A ribbon worm (D:2)
  29 orcs
  8 endoplasms
  3 giant cockroaches
  13 goblins
  10 hobgoblins
  3 jackals
  27 kobolds
  5 quokkas
  9 ball pythons
  6 bats
  4 frilled lizards
  4 rats
413 creatures vanquished.

Vanquished Creatures (collateral kills)
  A hydra (Lair:5)
  A death yak (Lair:5)
  2 elephants (Lair:4)
  A black mamba (Lair:5)
  An orange demon (Lair:5)
  3 blink frogs (Lair:5)
  8 yaks
  A water moccasin (Lair:5)
  5 killer bees (Lair:4)
23 creatures vanquished.

Vanquished Creatures (others)
  A meliai (Lair:4)
  An elephant (Lair:4)
  A black mamba (Lair:5)
  An orange demon (Lair:5)
  A yak (Lair:5)
  A hell hound (Lair:5)
  An orc (D:9)
7 creatures vanquished.

Grand Total: 443 creatures vanquished

Notes
Turn   | Place    | Note
-------+----------+-------------------------------------------
     0 | D:1      | Verono the Draconian Berserker began the quest for the Orb.
     0 | D:1      | Reached XP level 1. HP: 19/19 MP: 1/1
   119 | D:1      | Reached XP level 2. HP: 26/26 MP: 2/2
   209 | D:1      | You fall into a shaft and drop 1 floor!
   241 | D:2      | Reached XP level 3. HP: 25/33 MP: 3/3
   265 | D:2      | Reached ** piety under Trog
   851 | D:2      | Reached XP level 4. HP: 38/40 MP: 4/4
  1250 | D:3      | Noticed an ogre
  1251 | D:3      | Noticed a black bear
  1276 | D:2      | Killed a black bear
  1277 | D:2      | Reached skill level 4 in Axes
  1277 | D:2      | Reached skill level 1 in Throwing
  1277 | D:2      | Reached skill level 1 in Stealth
  1277 | D:2      | Reached XP level 5. HP: 20/46 MP: 5/5
  1454 | D:3      | Killed an ogre
  1526 | D:3      | Reached XP level 6. HP: 51/52 MP: 6/6
  1570 | D:3      | Found a transporter.
  1618 | D:3      | Found a transporter.
  1627 | D:3      | Found a broken altar of Ashenzari.
  1709 | D:3      | Identified a scroll of acquirement
  1711 | D:3      | Acquired a +2 executioner's axe of electrocution
  1793 | D:3      | Reached skill level 5 in Axes
  1919 | D:3      | Found Ozicimo's Antique Armour Emporium.
  1926 | D:3      | Reached *** piety under Trog
  1942 | D:3      | Reached skill level 1 in Evocations
  1973 | D:3      | Found a hazy altar of Hepliaklqana.
  2201 | D:4      | Noticed Robin
  2212 | D:4      | Your scales start taking on a fiery red colour.
  2212 | D:4      | Reached XP level 7. HP: 60/60 MP: 7/7
  2212 | D:4      | Gained mutation: Your flesh is heat resistant. (rF+) [Red
                  | Draconian growth]
  2215 | D:4      | Killed Robin
  2240 | D:4      | Found a bloodstained altar of Trog.
  2254 | D:4      | Found a sparkling altar of Nemelex Xobeh.
  2512 | D:4      | Noticed Menkaure
  2514 | D:4      | Killed Menkaure
  2515 | D:4      | Reached skill level 6 in Axes
  2515 | D:4      | Reached skill level 1 in Shapeshifting
  2566 | D:4      | Reached **** piety under Trog
  2823 | D:4      | Noticed Dowan
  2867 | D:4      | Noticed Duvessa
  2876 | D:4      | Killed Dowan
  2885 | D:4      | Killed Duvessa
  2886 | D:4      | Reached skill level 5 in Fighting
  3134 | D:5      | Entered Level 5 of the Dungeon
  3141 | D:5      | Identified the +2 leather armour of the Apple {rElec rF+
                  | Int+3}
  3207 | D:5      | Found a staircase to the Ecumenical Temple.
  3364 | D:5      | Found a runed translucent door.
  3365 | D:5      | Noticed seawaffle's ghost (novice MiFi)
  3382 | D:5      | Killed seawaffle's ghost
  3383 | D:5      | Reached skill level 7 in Axes
  3383 | D:5      | Reached XP level 8. HP: 68/68 MP: 8/8
  4063 | D:6      | Noticed Pikel
  4069 | D:6      | Killed Pikel
  4070 | D:6      | Reached skill level 8 in Axes
  4070 | D:6      | Reached XP level 9. HP: 75/75 MP: 9/9
  4124 | D:6      | Found a shadowy altar of Dithmenos.
  4341 | D:6      | Reached skill level 5 in Dodging
  4618 | D:6      | Found a runed translucent gate.
  4620 | D:6      | Found a runed translucent gate.
  4621 | D:6      | Found a runed translucent gate.
  4623 | D:6      | Noticed jkubb29's ghost (novice DsNe)
  4735 | D:6      | Found a shimmering blue altar of Sif Muna.
  4898 | D:6      | Identified the ring "Dyn Heis" {rC- EV+5 Dex+4 SInv}
  4934 | D:6      | Reached skill level 9 in Axes
  5328 | D:6      | Killed jkubb29's ghost
  5491 | D:7      | Found a glowing golden altar of the Shining One.
  5496 | D:7      | Found a hide-covered altar of Uskayaw.
  5503 | D:7      | Found an ancient bone altar of Kikubaaqudgha.
  5505 | D:7      | Found an iron altar of Okawaru.
  5707 | D:7      | Reached XP level 10. HP: 72/84 MP: 10/10
  5720 | D:7      | Gained mutation: You are frail. (-10% HP) [potion of
                  | mutation]
  5720 | D:7      | Gained mutation: You have hidden genetic defects. [potion
                  | of mutation]
  5809 | D:7      | Noticed Prince Ribbit
  5815 | D:7      | Killed Prince Ribbit
  5967 | D:7      | Noticed a brown ugly thing
  6063 | D:7      | Killed a brown ugly thing
  6222 | D:7      | Gained mutation: You sometimes lose your temper in combat.
                  | [hidden defects]
  6243 | D:7      | Identified the +0 gold dragon scales "Damnable Contraption"
                  | {rElec rPois rF+ rC+ rCorr Int+3}
  6386 | D:7      | Noticed Joseph
  6397 | D:7      | Killed Joseph
  6398 | D:7      | Reached skill level 10 in Axes
  6856 | D:8      | Gained mutation: You are dopey. (Int -2) [hidden defects]
  6856 | D:8      | Lost mutation: You have hidden genetic defects. [hidden
                  | defects expressed]
  7095 | D:8      | Noticed Gastronok
  7102 | D:8      | Killed Gastronok
  7523 | D:9      | Found a staircase to the Lair.
  7566 | D:9      | Reached skill level 11 in Axes
  7566 | D:9      | Reached XP level 11. HP: 83/83 MP: 11/11
  7614 | D:9      | Found a flagged portal.
  7629 | Bailey   | Entered a bailey
  7663 | Bailey   | Reached skill level 5 in Stealth
  7798 | Bailey   | Found a bloodstained altar of Trog.
  8098 | D:9      | Found a staircase to the Orcish Mines.
  8123 | D:9      | Reached ***** piety under Trog
  8961 | D:9      | Lost mutation: You are frail. (-10% HP) [potion of
                  | mutation]
  8961 | D:9      | Lost mutation: You are dopey. (Int -2) [potion of mutation]
  8961 | D:9      | Gained mutation: You are strong-willed. (Will+) [potion of
                  | mutation]
  8961 | D:9      | Gained mutation: You have sharp toenails. [potion of
                  | mutation]
  8961 | D:9      | Gained mutation: You are agile. (Dex +4, Str/Int -1)
                  | [potion of mutation]
  8976 | Lair:1   | Entered Level 1 of the Lair of Beasts
  9005 | Lair:1   | Reached skill level 5 in Throwing
  9010 | Lair:1   | Reached skill level 5 in Evocations
  9162 | Lair:1   | Identified the +0 trident of Theory {venom, rElec Int+4
                  | Stlth+}
  9222 | Lair:1   | Reached skill level 12 in Axes
 10287 | Lair:2   | Noticed Fannar
 10299 | Lair:2   | Killed Fannar
 10317 | Lair:2   | Reached XP level 12. HP: 63/103 MP: 12/12
 10458 | Lair:2   | Found a staircase to the Swamp.
 10458 | Lair:2   | Noticed an eleionoma
 10479 | Lair:2   | Killed an eleionoma
 10887 | Lair:2   | Reached skill level 13 in Axes
 10887 | Lair:2   | Reached skill level 5 in Shapeshifting
 11160 | Lair:2   | Identified the +12 tower shield "Sizaf" {Int+6}
 11268 | Lair:2   | Noticed a five-headed hydra
 11279 | Lair:2   | Killed a seven-headed hydra
 11642 | Lair:3   | Noticed an eight-headed hydra
 11653 | Lair:3   | Killed an 11-headed hydra
 11838 | Lair:3   | Found a staircase to the Snake Pit.
 12868 | Lair:4   | Reached skill level 14 in Axes
 13076 | Lair:4   | Noticed a seven-headed hydra
 13084 | Lair:4   | Killed an 11-headed hydra
 13304 | Lair:4   | Reached XP level 13. HP: 111/111 MP: 13/13
 13578 | Lair:4   | HP: 3/112 [11-headed hydra (6)]
 13578 | Lair:4   | HP: 1/112 [11-headed hydra (2)]
 14295 | Lair:5   | Entered Level 5 of the Lair of Beasts
 14332 | Lair:5   | Reached skill level 10 in Fighting
 14859 | Lair:5   | Received a gift from Trog
 14860 | Lair:5   | Reached skill level 15 in Axes
 15480 | Lair:5   | Found a burning altar of Makhleb.
 15511 | Lair:5   | HP: 8/171 [burnt (1)]
 15513 | Lair:5   | HP: 3/114 [burnt (2)]
 15513 | Lair:5   | HP: 1/114 [smoke demon/divine providence (8)]
 15758 | Lair:5   | Found a gateway to Hell.
 15884 | Lair:5   | Reached XP level 14. HP: 51/122 MP: 9/14
 15896 | Lair:5   | HP: 3/122 [death yak (14)]
 15897 | Lair:5   | Slain by a death yak

Illustrated notes

Levels and vault maps discovered:
D:1:      elethiomel_arrival_maze, layout_basic
D:2:      layout_basic, minmay_between
D:3:      layout_rooms, general_overflow_altar, gammafunk_temple_overflow_arena,
          serial_shops, shop
D:4:      layout_basic, jmf_multi_god_temple, uniq_duvessa, uniq_robin,
          uniq_menkaure
D:5:      layout_loops_ring, minmay_temple_entry_junction_2,
          ebering_ghost_reflecting_pool, fountainhead, hangedman_decor_slide_cut
D:6:      layout_cave_pools, lemuel_blue_sif_altar, old_standard_altar,
          gammafunk_ghost_nasty_kobolds, nicolae_lava_and_water, uniq_pikel
D:7:      minmay_blocky_corners, layout_loops_ring,
          nicolae_overflow_macrodata_refinement, uniq_prince_ribbit1,
          uniq_joseph
D:8:      layout_basic, uniq_gastronok
D:9:      nicolae_cairo_tiling_large, layout_cave_pods, david_lair_shrubbed,
          erik_orc_1, enter_bailey_2, chequers_serial_rivers_micro_e
Lair:1:   layout_gridlike, beast_lair_carwin_3, infiniplex_staircase_pool
Lair:2:   layout_regular_city, alex1729_swamp_entry_worm_eleionoma,
          serial_bayou_shore_a, uniq_fannar
Lair:3:   layout_long_grid, guppyfry_snake_entry_island
Lair:4:   layout_long_grid, special_room [special_room_bee]
Lair:5:   evil_forest, layout_cave_shapes, dpeg_slime_entry_enclosed

Skill      XL: |  1  2  3  4  5  6  7  8  9 10 11 12 13 |
---------------+----------------------------------------+-----
Dodging        | 3 4 5 6 7 8 9 |  9.0
Fighting       | 4 5 6 7 8 9 10 | 10.5
Axes           | 4 5 7 8 9 11 12 14 15 | 15.5
Throwing       | 1 2 3 4 5 6 |  6.9
Stealth        | 1 2 3 4 5 6 7 |  7.4
Evocations     | 1 2 3 4 5 6 7 |  7.2
Shapeshifting  | 1 2 3 4 5 6 |  6.3

Action                     |  1- 3 |  4- 6 |  7- 9 | 10-12 | 13-15 || total
---------------------------+-------+-------+-------+-------+-------++-------
  Melee: Hand axe          |   118 |    75 |       |       |       ||   193
         Tailslap          |    17 |     6 |    18 |    64 |    31 ||   136
         Punch             |     1 |     1 |       |       |       ||     2
         Executioner's axe |       |    20 |   140 |   414 |   186 ||   760
         Kick              |       |       |       |    86 |    60 ||   146
  Throw: Boomerang         |       |       |    34 |     5 |       ||    39
         Dart              |       |       |       |    11 |    10 ||    21
 Invoke: Berserk           |       |     5 |     3 |     6 |       ||    14
         Brothers in Arms  |       |       |     1 |     3 |     2 ||     6
Ability: Breathe Fire      |       |       |    37 |    55 |    22 ||   114
  Evoke: Wand              |       |       |     5 |    15 |     5 ||    25
    Use: Scroll            |     3 |     5 |     7 |    15 |     1 ||    31
         Potion            |       |     1 |     1 |     6 |    11 ||    19
   Stab: Distracted        |       |     1 |     1 |       |       ||     2
         Sleeping          |       |       |       |     3 |     1 ||     4
         Invisible         |       |       |       |     2 |       ||     2
 Armour: Skin              |    81 |   136 |   114 |   325 |   273 ||   929
  Dodge: Dodged            |    88 |   128 |   153 |   743 |   423 ||  1535
         Form:             |       |       |       |     1 |       ||     1
         Death             |       |       |       |     1 |       ||     1
